 Dungeon Crawl Stone Soup version 0.30-a0-1042-gacf32f4bd3 (webtiles) character file.

Game seed: 13081444508818998610

62933 Querens the Severer (level 15, -8/122 HPs)
             Began as a Formicid Fighter on Apr 9, 2023.
             Was the Champion of Okawaru.
             Mangled by a dire elephant simulacrum (42 damage)
             ... on level 5 of the Lair of Beasts.
             The game lasted 01:11:33 (12867 turns).

Querens the Severer (Formicid Fighter)             Turns: 12867, Time: 01:11:33

Health: -8/122     AC: 27    Str: 27    XL:     15   Next: 48%
Magic:  24/24      EV:  9    Int:  9    God:    Okawaru [******]
Gold:   2144       SH: 21    Dex: 13    Spells: 14/14 levels left

rFire   . . .      SeeInvis +    L - +2 executioner's axe (elec)
rCold   . . .      Faith    .    O - +0 tower shield
rNeg    . . .      Spirit   .    w - +0 plate armour
rPois   +          Reflect  .    (helmet unavailable)
rElec   .          Rampage  .    x - +0 cloak
rCorr   .                        p - +0 pair of gloves
Will    +....                    a - +0 pair of boots Stlth
                                 H - amulet of regeneration
HPRegen 1.20/turn                R - +4 ring of protection
MPRegen 0.19/turn                V - ring of poison resistance

@: heroic
A: permanent stasis, dig shafts and tunnels, antennae 3, four strong arms,
deterioration 1, MP-powered wands
a: Dig, Shaft Self, Renounce Religion, Heroism, Finesse, Duel


You were on level 5 of the Lair of Beasts.
You worshipped Okawaru.
Okawaru was exalted by your worship.
You visited 4 branches of the dungeon, and saw 20 of its levels.
You also visited: Ossuary and Gauntlet.

You collected 3172 gold pieces.
You spent 1028 gold pieces at shops.

Inventory:

Hand Weapons
 v - a +3 broad axe of holy wrath
 y - a +1 executioner's axe of flaming
 L - a +2 executioner's axe of electrocution (weapon)
 M - a +2 arbalest of flaming
 S - the +4 great sword "Atetid" {heavy, *Noise rF+ rN++ Stlth+}
   (You took it off a minotaur in a Gauntlet)

   rF:        It protects you from fire.
   rN:        It greatly protects you from negative energy.
   *Noise:    It may make noises in combat.
   Stlth:     It makes you more stealthy.
 Z - a +4 broad axe of venom
Missiles
 G - 5 curare-tipped darts
 P - 2 throwing nets
Armour
 a - a +0 pair of boots (worn)
 c - the +6 plate armour "Wosydi" {rC- Int+3 Dex+5}
   (Okawaru gifted it to you on level 1 of the Lair of Beasts)

   Int:       It affects your intelligence (+3).
   Dex:       It affects your dexterity (+5).
   rC:        It makes you vulnerable to cold.
 j - a +0 ring mail of positive energy
 n - a +1 scale mail of cold resistance
 p - a +0 pair of gloves (worn)
 w - a +0 plate armour (worn)
 x - a +0 cloak (worn)
 O - a +0 tower shield (worn)
 Y - a +7 chain mail of ponderousness
Jewellery
 h - a +6 ring of strength
 l - a ring of protection from cold
 H - an amulet of regeneration (around neck)
 Q - the amulet of the Peculiar Mice {Spirit rPois rC++ Dex-3 Stlth+}
   (You found it in a Gauntlet)

   [amulet of guardian spirit]

   It causes incoming damage to be divided between your reserves of health and
   magic.
   Dex:       It affects your dexterity (-3).
   rC:        It greatly protects you from cold.
   rPois:     It protects you from poison.
   Stlth:     It makes you more stealthy.
 R - a +4 ring of protection (left hand)
 U - an amulet of guardian spirit
 V - a ring of poison resistance (right hand)
 X - a ring of fire
Wands
 E - a wand of iceblast (20)
 F - a wand of digging (7)
 T - a wand of paralysis (7)
Scrolls
 b - 7 scrolls of fear
 d - 2 scrolls of enchant weapon
 i - 4 scrolls of poison
 o - 4 scrolls of silence
 u - 7 scrolls of magic mapping
 z - 2 scrolls of fog
 A - 3 scrolls of amnesia
 B - a scroll of butterflies {unknown}
 C - 2 scrolls of enchant armour
 K - 3 scrolls of immolation
Potions
 e - 2 potions of cancellation
 f - 5 potions of curing
 g - 3 potions of mutation
 m - 3 potions of invisibility
 q - a potion of magic
 r - 3 potions of lignification
 s - a potion of resistance
 t - 7 potions of brilliance
 D - 6 potions of attraction
 I - 4 potions of heal wounds
 J - 3 potions of flight
 N - 2 potions of might
Miscellaneous
 k - a box of beasts
 W - a box of beasts


   Skills:
 + Level 12.5(17.5) Fighting
 * Level 15.5(20.5) Axes
 + Level 12.3(17.3) Armour
 + Level 14.5(19.5) Shields
 + Level 12.4 Invocations


You had 14 spell levels left.
You didn't know any spells.
Your spell library contained the following spells:

 Spells                   Type           Power      Damage    Failure   Level
 Apportation              Tloc           0%         N/A       99%         1
 Freeze                   Ice            0%         1d3       99%         1
 Necrotise                Necr           0%         1d4       99%         1
 Lesser Beckoning         Tloc           0%         N/A       99%         2
 Static Discharge         Conj/Air       0%         2-2/arc   99%         2
 Frozen Ramparts          Ice            0%         1d1       100%        3
 Gell's Gravitas          Tloc           0%         N/A       100%        3
 Hailstorm                Conj/Ice       0%         3d3       100%        3
 Portal Projectile        Hex/Tloc       0%         N/A       100%        3
 Stone Arrow              Conj/Erth      0%         3d7       100%        3
 Teleport Other           Tloc           0%         N/A       100%        3
 Airstrike                Air            0%         2d(0-16)  100%        4
 Fulminant Prism          Conj/Hex       0%         3d5       100%        4
 Leda's Liquefaction      Hex/Erth       0%         N/A       100%        4
 Blade Hands              Tmut           0%         N/A       100%        5
 Fireball                 Conj/Fire      0%         3d3       100%        5
 Dispersal                Tloc           0%         N/A       100%        6
 Lehudib's Crystal Spear  Conj/Erth      0%         10d2      100%        8
 Summon Small Mammal      Summ           Unusable   N/A       N/A         1
 Call Canine Familiar     Summ           Unusable   N/A       N/A         3
 Tukima's Dance           Hex            Unusable   N/A       N/A         3
 Animate Armour           Summ/Erth      Unusable   N/A       N/A         4
 Summon Lightning Spire   Summ/Air       Unusable   N/A       N/A         4
 Spellforged Servitor     Conj/Summ      Unusable   N/A       N/A         7

Dungeon Overview and Level Annotations

Branches:
Dungeon (12/15)            Temple (1/1) D:4            Lair (5/5) D:10
 Shoals (0/4) Lair:3       Spider (0/4) Lair:3          Orc (2/2) D:12
    Elf (0/3) Orc:2       Ossuary (visited)         Gauntlet (visited)
  Slime: Lair:4-5

Altars:
Ashenzari
Cheibriados
Dithmenos
Elyvilon
Fedhas
Gozag
Hepliaklqana
Kikubaaqudgha
Makhleb
Nemelex Xobeh
Okawaru
Qazlal
Ru
Sif Muna
Trog
Uskayaw
Vehumet
Wu Jian
Xom
Yredelemnul
Zin
The Shining One

Shops:
D:1 :   D:5 *   D:7 **   D:9 =   D:10 ?   D:12 !*(?   Orc:1 ?   Orc:2 :[*(

Annotations:
D:6 1 runed translucent door, Malachi's ghost, novice GnTm
D:8 3 runed translucent doors, Zigma's ghost, novice DrMo
Lair:5 exclusion: obsidian statue


Innate Abilities, Weirdness & Mutations

You cannot be hasted, slowed, berserked, paralysed or teleported.
You can dig through walls and to a lower floor.
You have a pair of large antennae on your head. (SInv)
Your four strong arms can wield two-handed weapons with a shield.
Your body sometimes deteriorates upon taking damage.
You expend magic power (3 MP) to strengthen your wands.


Message History

You fall into the shallow water.
Moving in this stuff is going to be slow.
Unknown command.
You slice the dire elephant!!
You kill the dire elephant!
Okawaru accepts your kill.
You slash the dire elephant simulacrum! You hit the dire elephant.
A freezing mist starts to gather...
A dire elephant simulacrum comes into view.
You block the dire elephant's attack. x2
Your life force feels restored.
Unknown command.
You hit the dire elephant simulacrum.
The dire elephant simulacrum is heavily damaged.
You slash the dire elephant! The dire elephant tramples you.
You stumble backwards!
Splash!
Unknown command.
You completely miss the dire elephant simulacrum.
The dire elephant simulacrum is heavily damaged.
You slash the dire elephant!
Lightning courses through the dire elephant!
You kill the dire elephant!
Okawaru accepts your kill.
A freezing mist starts to gather...
A dire elephant simulacrum comes into view.
Unknown command.
You hit the dire elephant simulacrum.
The dire elephant simulacrum is heavily damaged.
The dire elephant simulacrum tramples you but does no damage.
The dire elephant simulacrum trunk-slaps you.
The dire elephant simulacrum freezes you!!!
* * * LOW HITPOINT WARNING * * *
You block the dire elephant simulacrum's attack.
The dire elephant simulacrum splashes around in the water.
You block the dire elephant simulacrum's attack.
The dire elephant simulacrum trunk-slaps you.
* * * LOW HITPOINT WARNING * * *
The dire elephant simulacrum freezes you!!!
You die...

#.#####.P.#
##.#..'..###
#..#..'.## {{
#.##..#.#
###.#...###
#..P#8.8#
##.####'##
#..#~P..##
........#.##~≈~.@#
........#.#~~≈ZZ~#
........#.#P~≈≈Z~#
........#.##.≈≈~##
........#.####''#
........#.8##8).8#
........'..8#....#
........'.⌠.#...P#
........†÷.8#./(.#


You could see 3 dire elephant simulacra.

Vanquished Creatures
  3 orc warlords
  4 dire elephants
  2 minotaurs
  The ghost of Zigma the Grappler, a journeyman DrMo of Yredelemnul (Lair:3)
  An ogre mage (Orc:2)
  2 hydras (Lair:3)
  Erica (D:8)
  6 two-headed ogres
  6 death yaks (Lair:3)
  A boulder beetle (Lair:5)
  An orc high priest (Orc:2)
  A soul eater (Gauntlet)
  A spectral death yak (Lair:5)
  A spectral anaconda (Lair:5)
  Pikel (D:7)
  3 orc knights (Orc:2)
  A manticore (D:11)
  3 necromancers (Lair:5)
  2 ugly things (D:12)
  5 orc sorcerers
  Joseph (D:8)
  3 cyclopes
  17 elephants
  9 cane toads
  2 rime drakes
  3 gargoyles
  7 komodo dragons
  A kobold demonologist (D:11)
  An unseen horror (D:10)
  Psyche (D:8)
  7 trolls
  A polar bear (Lair:4)
  6 blink frogs
  2 spectral elephants (Lair:5)
  7 dream sheep (Lair:4)
  Prince Ribbit (D:8)
  2 wyverns
  36 yaks
  A shadow (D:10)
  A steam dragon (D:8)
  2 wraiths
  2 basilisks
  3 chaos spawn (Gauntlet)
  3 death yak simulacra (Lair:5)
  Menkaure (D:4)
  2 spectral cane toads (Lair:5)
  5 wargs
  A neqoxec (Gauntlet)
  10 water moccasins
  Duvessa (D:6)
  3 sky beasts
  27 orc warriors
  An elephant zombie (Lair:5)
  11 ogres
  3 black bears
  An elephant skeleton (Lair:5)
  6 centaurs
  4 wolves (Lair:2)
  2 kobold brigands (D:6)
  7 bullfrogs
  3 cane toad simulacra (Lair:5)
  3 scorpions
  4 wights (D:9)
  Dowan (D:6)
  10 killer bees
  An elephant simulacrum (Lair:5)
  5 electric eels (Lair:4)
  8 howler monkeys
  2 hounds (D:6)
  30 orc priests
  A gnoll bouda (D:9)
  A human zombie (Ossuary)
  Jessica (D:2)
  2 sleepcaps (D:5)
  4 iguanas
  36 orc wizards
  2 mummies (Ossuary)
  7 gnolls
  10 adders
  6 shadow imps
  3 white imps
  2 ufetubi (D:5)
  6 worms
  3 dart slugs
  89 orcs
  7 endoplasms
  4 giant cockroaches (Lair:3)
  2 gnoll zombies (Ossuary)
  7 goblins
  4 hobgoblins
  4 quokkas
  9 ball pythons
  4 bats
  2 frilled lizards
  4 goblin zombies (Ossuary)
  6 hobgoblin zombies (Ossuary)
  12 kobolds
  An orc zombie (Ossuary)
  6 rats
562 creatures vanquished.

Vanquished Creatures (others)
  A wizard (D:12)
  19 demonic plants (Gauntlet)
  14 fungi
  29 plants
  5 toadstools (D:4)
  18 withered plants (Lair:5)
86 creatures vanquished.

Grand Total: 648 creatures vanquished

Notes
Turn   | Place    | Note
-------+----------+-------------------------------------------
     0 | D:1      | Querens the Formicid Fighter began the quest for the Orb.
     0 | D:1      | Reached XP level 1. HP: 18/18 MP: 1/1
    29 | D:1      | Reached XP level 2. HP: 24/24 MP: 2/2
   263 | D:1      | Found Deucoubo's Book Boutique.
   505 | D:2      | Reached XP level 3. HP: 29/29 MP: 3/3
   551 | D:2      | Noticed Jessica
   557 | D:2      | Killed Jessica
   558 | D:2      | Reached XP level 4. HP: 37/37 MP: 4/4
   610 | D:2      | Reached skill level 3 in Axes
  1113 | D:3      | Reached XP level 5. HP: 40/42 MP: 5/5
  1267 | D:3      | Reached skill level 5 in Shields
  1519 | D:4      | Found a staircase to the Ecumenical Temple.
  1527 | Temple   | Entered the Ecumenical Temple
  1538 | Temple   | Became a worshipper of Warmaster Okawaru
  1839 | D:4      | Noticed an ogre
  1847 | D:5      | Entered Level 5 of the Dungeon
  1895 | D:5      | Reached skill level 4 in Axes
  1895 | D:5      | Reached XP level 6. HP: 20/48 MP: 6/6
  1909 | D:5      | Noticed an ogre
  1938 | D:6      | Noticed a water moccasin
  1951 | D:6      | Killed a water moccasin
  1951 | D:6      | Reached * piety under Okawaru
  1952 | D:6      | Reached XP level 7. HP: 28/55 MP: 7/7
  1982 | D:6      | Reached skill level 5 in Axes
  1982 | D:6      | Reached skill level 1 in Invocations
  1997 | D:6      | Reached skill level 5 in Fighting
  2001 | D:6      | Reached skill level 5 in Armour
  2105 | D:5      | Reached XP level 8. HP: 30/62 MP: 9/9
  2124 | D:5      | Found Wuacop's Neck Hole.
  2229 | D:5      | Reached ** piety under Okawaru
  2742 | D:4      | Reached skill level 6 in Axes
  2745 | D:4      | Noticed Menkaure
  2752 | D:4      | HP: 1/63 [Menkaure (15)]
  2754 | D:4      | Killed Menkaure
  3256 | D:6      | Found a runed translucent door.
  3256 | D:6      | Noticed Malachi's ghost (novice GnTm)
  3503 | D:6      | Noticed Dowan
  3503 | D:6      | Noticed Duvessa
  3522 | D:6      | Killed Duvessa
  3523 | D:6      | Reached XP level 9. HP: 34/69 MP: 8/11
  3550 | D:6      | Killed Dowan
  3662 | D:6      | Found a broken altar of Ashenzari.
  3662 | D:6      | Found a sparkling altar of Nemelex Xobeh.
  3667 | D:6      | Found a faded altar of an unknown god.
  3669 | D:6      | Found a bloodstained altar of Trog.
  3670 | D:6      | Found a faded altar of an unknown god.
  3839 | D:6      | Reached skill level 7 in Axes
  3893 | D:6      | Reached *** piety under Okawaru
  4098 | D:7      | Noticed Pikel
  4160 | D:5      | Bought an amulet of regeneration for 300 gold pieces
  4325 | D:7      | Found a sand-covered staircase.
  4330 | Ossuary  | Entered an ossuary
  4463 | D:7      | Found a blossoming altar of Fedhas.
  4524 | D:7      | Killed Pikel
  4524 | D:7      | Reached **** piety under Okawaru
  4525 | D:7      | Reached skill level 8 in Axes
  4525 | D:7      | Reached skill level 5 in Invocations
  4525 | D:7      | Reached XP level 10. HP: 74/79 MP: 13/13
  4528 | D:7      | Found Gics's General Store.
  4530 | D:7      | Found Acekumek's Specific Store.
  4540 | D:7      | Bought a scroll of magic mapping for 105 gold pieces
  4540 | D:7      | Bought a potion of flight for 42 gold pieces
  4540 | D:7      | Bought a scroll of immolation for 56 gold pieces
  4572 | D:7      | Got the Volume of Concussion
  4718 | D:8      | Noticed Psyche
  4727 | D:8      | Killed Psyche
  4763 | D:8      | Noticed Joseph
  4779 | D:8      | Killed Joseph
  4948 | D:8      | Found a runed translucent gate.
  4948 | D:8      | Found a runed translucent gate.
  4949 | D:8      | Found a runed translucent gate.
  4952 | D:8      | Noticed Zigma's ghost (novice DrMo)
  5010 | D:8      | Noticed Prince Ribbit
  5022 | D:8      | Killed Prince Ribbit
  5022 | D:8      | Received a gift from Okawaru
  5050 | D:8      | Reached skill level 9 in Axes
  5294 | D:8      | Noticed Erica
  5302 | D:8      | Killed Erica
  5314 | D:8      | Found a snail-covered altar of Cheibriados.
  5314 | D:8      | Found a sacrificial altar of Ru.
  5315 | D:8      | Found a glowing golden altar of the Shining One.
  5493 | D:9      | Reached ***** piety under Okawaru
  5550 | D:9      | Identified the +5 long sword "Coug Woe" {freeze, Int+4}
  5597 | D:9      | Reached XP level 11. HP: 76/86 MP: 15/15
  5648 | D:9      | Noticed a two-headed ogre
  5687 | D:9      | Killed a two-headed ogre
  5820 | D:9      | Found Qamiuthu's Jewellery Shop.
  6057 | D:10     | Entered Level 10 of the Dungeon
  6057 | D:10     | Found Eggo's Magic Scroll Emporium.
  6060 | D:10     | Bought a scroll of amnesia for 48 gold pieces
  6060 | D:10     | Bought a scroll of noise for 12 gold pieces
  6060 | D:10     | Bought a scroll of immolation for 48 gold pieces
  6060 | D:10     | Bought a scroll of identify for 24 gold pieces
  6060 | D:10     | Bought a scroll of identify for 24 gold pieces
  6060 | D:10     | Bought a scroll of identify for 24 gold pieces
  6060 | D:10     | Bought a scroll of blinking for 90 gold pieces
  6062 | D:10     | Identified a scroll of acquirement
  6063 | D:10     | Acquired 1125 gold pieces
  6091 | D:10     | Reached skill level 10 in Axes
  6251 | D:10     | Reached skill level 10 in Shields
  6378 | D:10     | Noticed a two-headed ogre
  6387 | D:10     | Killed a two-headed ogre
  6387 | D:10     | Received a gift from Okawaru
  6422 | D:10     | Noticed a two-headed ogre
  6434 | D:10     | Killed a two-headed ogre
  6551 | D:10     | Found a staircase to the Lair.
  6751 | D:10     | Found a hazy altar of Hepliaklqana.
  6811 | D:11     | Noticed a cyclops
  7058 | D:11     | Noticed a manticore
  7071 | D:11     | Killed a cyclops
  7074 | D:11     | Killed a manticore
  7075 | D:11     | Reached skill level 11 in Axes
  7075 | D:11     | Reached XP level 12. HP: 52/95 MP: 15/18
  7270 | D:11     | Gained mutation: Your body sometimes deteriorates upon
                  | taking damage. [a neqoxec]
  7274 | D:11     | Gained mutation: You expend magic power (3 MP) to
                  | strengthen your wands. [a neqoxec]
  7564 | D:12     | Found Yxzuk's Antique Weapon Shoppe.
  7631 | D:12     | Found Riggisok's Distillery.
  7640 | D:12     | Found a gate leading to a gauntlet.
  7649 | Gauntlet | Entered a Gauntlet
  7649 | Gauntlet | Noticed a fire crab
  7649 | Gauntlet | Noticed a soul eater
  7649 | Gauntlet | Found a large runed translucent door.
  7649 | Gauntlet | Found a large runed translucent door.
  7649 | Gauntlet | Found a large runed translucent door.
  7649 | Gauntlet | Found a large runed translucent door.
  7649 | Gauntlet | Found a transporter.
  7649 | Gauntlet | Found a runed translucent door.
  7649 | Gauntlet | Found a large runed translucent door.
  7649 | Gauntlet | Found a large runed translucent door.
  7649 | Gauntlet | Found a large runed translucent door.
  7649 | Gauntlet | Found a large runed translucent door.
  7649 | Gauntlet | Found a runed translucent gate.
  7649 | Gauntlet | Found a runed translucent gate.
  7649 | Gauntlet | Found a transporter.
  7649 | Gauntlet | Found a transporter.
  7662 | Gauntlet | Found a transporter.
  7667 | Gauntlet | Found a transporter.
  7673 | Gauntlet | Found a transporter.
  7676 | Gauntlet | Found a transporter.
  7688 | Gauntlet | Found a transporter.
  7702 | Gauntlet | Noticed a dire elephant
  7706 | Gauntlet | Found a transporter.
  7710 | Gauntlet | Found a transporter.
  7713 | Gauntlet | Found a transporter.
  7728 | Gauntlet | Found a transporter.
  7733 | Gauntlet | Found a runed translucent gate.
  7735 | Gauntlet | Found a large runed translucent door.
  7736 | Gauntlet | Found a large runed translucent door.
  7736 | Gauntlet | Found a large runed translucent door.
  7737 | Gauntlet | Found a large runed translucent door.
  7743 | Gauntlet | Found a runed translucent door.
  7754 | Gauntlet | Found a large runed translucent door.
  7754 | Gauntlet | Found a large runed translucent door.
  7755 | Gauntlet | Found a large runed translucent door.
  7756 | Gauntlet | Found a large runed translucent door.
  7858 | Gauntlet | Killed a soul eater
  7924 | Gauntlet | Killed a dire elephant
  7932 | Gauntlet | Identified the amulet of the Peculiar Mice {Spirit rPois
                  | rC++ Dex-3 Stlth+}
  7956 | Gauntlet | Identified the +4 great sword "Atetid" {heavy, *Noise rF+
                  | rN++ Stlth+}
  7956 | Gauntlet | Noticed a minotaur
  7969 | Gauntlet | Killed a minotaur
  7973 | Gauntlet | Identified the +2 rapier of Hifanur {venom, rPois rCorr
                  | MP+9}
  7973 | Gauntlet | Identified the staff of fire "Salaim" {rF+ rN+ Str+3}
  7985 | D:12     | Bought a potion of curing for 45 gold pieces
  7985 | D:12     | Bought a potion of heal wounds for 75 gold pieces
  7985 | D:12     | Bought a potion of lignification for 45 gold pieces
  7985 | D:12     | Bought a potion of curing for 45 gold pieces
  7985 | D:12     | Bought a potion of curing for 45 gold pieces
  8039 | D:12     | Found a staircase to the Orcish Mines.
  8179 | D:12     | Found Kunyfuta's Assorted Antiques.
  8205 | D:12     | Found Cine's Magic Scroll Shop.
  8320 | D:12     | Reached skill level 12 in Axes
  8490 | Orc:1    | Entered Level 1 of the Orcish Mines
  8704 | Orc:1    | Found Vixtaqua's Magic Scroll Emporium.
  8820 | Orc:1    | Reached skill level 10 in Fighting
  8820 | Orc:1    | Reached XP level 13. HP: 103/103 MP: 18/20
  8824 | Orc:1    | Reached skill level 10 in Armour
  8835 | Orc:1    | Noticed an orc warlord
  8859 | Orc:1    | Killed an orc warlord
  9031 | Orc:1    | Received a gift from Okawaru
  9075 | Orc:2    | Entered Level 2 of the Orcish Mines
  9171 | Orc:2    | Found a staircase to the Elven Halls.
  9380 | Orc:2    | Noticed an orc warlord
  9516 | Orc:2    | Reached skill level 10 in Invocations
  9548 | Orc:2    | Killed an orc warlord
  9549 | Orc:2    | Reached skill level 13 in Axes
  9570 | Orc:2    | Received a gift from Okawaru
  9613 | Orc:2    | Reached ****** piety under Okawaru
  9663 | Orc:2    | Found Zomir's Antique Armour Emporium.
  9684 | Orc:2    | Found Saudoq's General Store.
  9689 | Orc:2    | Noticed an ogre mage
  9698 | Orc:2    | Killed an ogre mage
  9727 | Orc:2    | Found Dunomiq's Antique Weapon Emporium.
  9732 | Orc:2    | Found Tibuk's Book Emporium.
  9850 | Orc:2    | Noticed an orc warlord
  9876 | Orc:2    | Killed an orc warlord
 10236 | Lair:1   | Entered Level 1 of the Lair of Beasts
 10250 | Lair:1   | Identified the +6 plate armour "Wosydi" {rC- Int+3 Dex+5}
                  | (Okawaru gifted it to you on level 1 of the Lair of Beasts)
 10250 | Lair:1   | Received a gift from Okawaru
 10472 | Lair:1   | Reached XP level 14. HP: 109/113 MP: 22/22
 11207 | Lair:3   | Reached skill level 14 in Axes
 11266 | Lair:3   | Found a hole to the Spider Nest.
 11359 | Lair:3   | Found a staircase to the Shoals.
 11522 | Lair:3   | Found a runed translucent gate.
 11522 | Lair:3   | Found a runed translucent gate.
 11522 | Lair:3   | Noticed Zigma's ghost (journeyman DrMo)
 11523 | Lair:3   | Found a runed translucent gate.
 11570 | Lair:3   | Killed Zigma's ghost
 11578 | Lair:3   | Identified the +2 mace of Lomeet {venom, Will- Str+3 Int+6}
 11635 | Lair:3   | Found a runed translucent door.
 11707 | Lair:3   | Noticed a minotaur
 11714 | Lair:3   | Killed a minotaur
 11863 | Lair:3   | Received a gift from Okawaru
 12299 | Lair:4   | Reached XP level 15. HP: 106/120 MP: 9/23
 12454 | Lair:5   | Entered Level 5 of the Lair of Beasts
 12544 | Lair:5   | Reached skill level 15 in Axes
 12570 | Lair:5   | Received a gift from Okawaru
 12867 | Lair:5   | Mangled by a dire elephant simulacrum

Illustrated notes

Levels and vault maps discovered:
D:1:      onia_arrival_handbag, layout_basic, serial_shops, shop
D:2:      layout_rooms, uniq_jessica
D:3:      layout_basic, minmay_misc_feat_iff
D:4:      layout_layer_cave, minmay_temple_entry_waves,
          minmay_gold_behind_fungi, kennysheep_generic_room_15, uniq_menkaure
D:5:      layout_basic, nicolae_shop_sticking_my_neck_out
D:6:      cheibrodos_thug_alley, layout_layer_cave,
          chequers_temple_overflow_minitemple, ebering_ghost_reflecting_pool,
          uniq_duvessa
D:7:      layout_cave_pools, mainiacjoe_overflow_brackets, enter_ossuary_5,
          nicolae_specific_store, uniq_pikel
D:8:      layout_loops_corners, gammafunk_temple_overflow_claw,
          gammafunk_ghost_necromancy, uniq_psyche, uniq_erica,
          uniq_prince_ribbit1, uniq_joseph
D:9:      nicolae_hitomezashi [nicolae_hito_row, nicolae_hito_row,
          nicolae_hito_row, nicolae_hito_row, nicolae_hito_row,
          nicolae_hito_row, nicolae_hito_row, nicolae_hito_row,
          nicolae_hito_row, nicolae_hito_row, nicolae_hito_row,
          nicolae_hito_row, nicolae_hito_row, nicolae_hito_row,
          nicolae_hito_row, nicolae_hito_row, nicolae_hito_row,
          nicolae_hito_row], layout_loops_cross, serial_shops, shop_fountains
D:10:     layout_loops_ring, kennysheep_mini, david_lair_shrubbed, serial_shops,
          nicolae_stop_n_shop_2
D:11:     nicolae_cairo_tiling, layout_irregular_city
D:12:     layout_stronghold, david_orc_1_choice, serial_shops,
          nicolae_shop_statue_plus, nicolae_square_shop, shop_fountains,
          nicolae_square_shop, gauntlet_entry_generic
Temple:   nicolae_temple_ecumenical_triangle
Lair:1:   layout_gridlike, grunt_megastairs_5, lemuel_fruit_tree,
          serial_bayou_shore_a
Lair:2:   layout_loops_ring
Lair:3:   dreamdust_labyrinth, layout_chaotic_city, elwin_shoals_entry_rocks,
          nicolae_spider_entry_non_spiders, gammafunk_ghost_hydra_chop
Lair:4:   layout_misc_corridors, serial_bayou_lake_a, infiniplex_staircase_pool
Lair:5:   due_jungle_book, layout_regular_city, minmay_slime_entry_pillars
Orc:1:    layout_caves, serial_shops, shop
Orc:2:    grunt_orc_cross, layout_caves, basic_altar, nicolae_orc_lost_temple

Skill      XL: |  1  2  3  4  5  6  7  8  9 10 11 12 13 14 15 |
---------------+----------------------------------------------+-----
Axes           | 3 4 5 6 8 9 11 12 13 14 15 | 15.5
Fighting       | 4 5 7 9 10 11 12 | 12.5
Armour         | 4 5 6 7 8 9 10 11 12 | 12.3
Shields        | 5 6 7 8 9 10 11 12 14 | 14.5
Invocations    | 1 3 5 6 8 9 10 11 12 | 12.4

Action                     |  1- 3 |  4- 6 |  7- 9 | 10-12 | 13-15 || total
---------------------------+-------+-------+-------+-------+-------++-------
  Melee: War axe           |    55 |   103 |   332 |   440 |   177 ||  1107
         Battleaxe         |       |       |       |   180 |       ||   180
         Broad axe         |       |       |       |       |   600 ||   600
         Executioner's axe |       |       |       |       |    14 ||    14
  Throw: Throwing net      |       |       |     1 |       |       ||     1
         Dart              |       |       |       |    12 |     4 ||    16
 Invoke: Heroism           |       |       |     2 |    10 |     8 ||    20
         Finesse           |       |       |       |     1 |     2 ||     3
Ability: Dig               |       |     2 |     1 |     3 |       ||     6
  Evoke: Wand              |       |       |     1 |     6 |    14 ||    21
    Use: Potion            |       |     2 |     2 |     2 |     5 ||    11
         Scroll            |       |       |       |    16 |     8 ||    24
 Armour: Scale mail        |    25 |    41 |       |       |       ||    66
         Plate armour      |       |    47 |   253 |   374 |   257 ||   931
         Chain mail        |       |       |       |       |    78 ||    78
  Dodge: Dodged            |    30 |    62 |   102 |   187 |   166 ||   547
  Block: Buckler           |    15 |    34 |   117 |   192 |    85 ||   443
         Tower shield      |       |       |       |       |   460 ||   460

Table legend: (Time is in decaauts)
 A = Elapsed time spent in this place.
 B = Non-inter-level travel time spent in this place.
 C = Inter-level travel time spent in this place.
 D = Time resting spent in this place.
 E = Time spent auto-exploring this place.
 F = Levels seen in this place.
 G = Mean time per level.
                   A        B        C        D        E       F      G
               +--------+--------+--------+--------+--------+-----+--------+
         Total |  13050 |  12001 |   1049 |     51 |      0 |  22 |  593.2 |
       Dungeon |   8287 |   7444 |    843 |     14 |      0 |  12 |  690.6 |
        Temple |     35 |     35 |      0 |      0 |      0 |   1 |   35.0 |
          Lair |   2677 |   2565 |    112 |      0 |      0 |   5 |  535.4 |
  Orcish Mines |   1646 |   1552 |     94 |     37 |      0 |   2 |  823.0 |
       Ossuary |     94 |     94 |      0 |      0 |      0 |   1 |   94.0 |
      Gauntlet |    310 |    310 |      0 |      0 |      0 |   1 |  310.0 |
               +--------+--------+--------+--------+--------+-----+--------+

Top non-repeatable levels by time:
     D:6: 1015 daAuts
     D:4: 936 daAuts
   Orc:2: 908 daAuts
    D:12: 903 daAuts
     D:5: 798 daAuts
     D:8: 788 daAuts
  Lair:3: 761 daAuts
    D:10: 759 daAuts
   Orc:1: 738 daAuts
     D:3: 645 daAuts
     D:9: 630 daAuts
    D:11: 564 daAuts
  Lair:4: 535 daAuts
  Lair:1: 504 daAuts
     D:1: 464 daAuts
